[ AOE2 MATCH · #472876315 ]
UnrankedTeutons vs Poles
Player's team · WIN
Rival team · LOSS
[ REPLAY ANALYSIS · EXTRACTED FROM THE RECORDED GAME ]
Feudal
—
Castle
11:40
Imperial
28:07
| APM avg | 52.6 |
| APM peak | 77 |
| eAPM avg | 30.1 |
| Villagers / military | 76 / 115 |
Focus
⚔️ 44.2% · 🌾 55.8%
Knight ×65 · Archer ×22 · Spearman ×10 · Monk ×9 · Scout Cavalry ×8 · Trebuchet (Packed) ×1
Feudal
—
Castle
8:15
Imperial
—
| APM avg | 71.0 |
| APM peak | 94 |
| eAPM avg | 36.3 |
| Villagers / military | 114 / 102 |
Focus
⚔️ 34.5% · 🌾 65.5%
Knight ×73 · Skirmisher ×18 · Scout Cavalry ×6 · Monk ×5
Match map
Initial resources + every placement click. Lines = walls · curves = elevation contours. ◆ gold · ⬟ stone · ● berries · ✦ relic · ◌ wall gap
Inputs per minute
— [LW] Faneth - - Bubbagump
Build order — [LW] Faneth
First 150 of 325 actions detected
| 0:01 | Create | Villager (Male) |
| 0:01 | Create | Villager (Male) |
| 0:02 | Create | Villager (Male) |
| 0:06 | Build | Archery Range |
| 0:19 | Build | House |
| 0:20 | Build | House |
| 0:27 | Create | Villager (Male) |
| 0:32 | Create | Spearman |
| 0:50 | Create | Villager (Male) |
| 0:58 | Create | Archer |
| 0:59 | Create | Spearman |
| 1:03 | Create | Villager (Male) |
| 1:11 | Build | House |
| 1:12 | Build | Palisade Wall |
| 1:16 | Research | Fletching |
| 1:20 | Create | Archer |
| 1:38 | Create | Villager (Male) |
| 1:49 | Build | Archery Range |
| 1:54 | Create | Villager (Male) |
| 2:09 | Create | Archer |
| 2:15 | Create | Archer |
| 2:20 | Create | Spearman |
| 2:32 | Create | Villager (Male) |
| 2:55 | Create | Villager (Male) |
| 3:03 | Create | Archer |
| 3:05 | Create | Villager (Male) |
| 3:13 | Research | Double-Bit Axe |
| 3:14 | Create | Villager (Male) |
| 3:16 | Build | House |
| 3:17 | Build | Palisade Wall |
| 3:18 | Build | Palisade Wall |
| 3:32 | Create | Archer |
| 3:33 | Create | Villager (Male) |
| 3:49 | Build | House |
| 3:49 | Build | House |
| 3:55 | Research | Horse Collar |
| 4:04 | Create | Archer |
| 4:04 | Create | Archer |
| 4:06 | Create | Villager (Male) |
| 4:21 | Create | Spearman |
| 4:26 | Create | Archer |
| 4:26 | Create | Archer |
| 4:26 | Create | Villager (Male) |
| 4:31 | Build | Farm |
| 4:31 | Build | Farm |
| 4:32 | Build | Farm |
| 4:32 | Build | Farm |
| 4:32 | Build | Farm |
| 4:32 | Build | Farm |
| 4:36 | Create | Villager (Male) |
| 4:44 | Build | House |
| 4:54 | Create | Archer |
| 4:59 | Build | Farm |
| 5:25 | Create | Spearman |
| 5:27 | Build | Farm |
| 5:27 | Create | Villager (Male) |
| 5:32 | Build | Stable |
| 5:35 | Create | Archer |
| 5:35 | Create | Archer |
| 5:40 | Create | Villager (Male) |
| 5:50 | Create | Spearman |
| 5:55 | Create | Archer |
| 5:55 | Create | Archer |
| 5:59 | Build | Palisade Wall |
| 6:04 | Create | Villager (Male) |
| 6:08 | Build | Palisade Wall |
| 6:15 | Build | Farm |
| 6:21 | Create | Archer |
| 6:21 | Create | Archer |
| 6:22 | Create | Villager (Male) |
| 6:25 | Create | Spearman |
| 6:25 | Create | Spearman |
| 6:31 | Create | Scout Cavalry |
| 6:32 | Create | Scout Cavalry |
| 6:42 | Create | Archer |
| 6:42 | Create | Archer |
| 6:46 | Build | Farm |
| 6:47 | Build | Farm |
| 6:53 | Build | House |
| 6:58 | Create | Villager (Male) |
| 7:04 | Build | House |
| 7:05 | Build | House |
| 7:23 | Create | Villager (Male) |
| 7:33 | Create | Scout Cavalry |
| 7:34 | Create | Scout Cavalry |
| 7:37 | Research | Forging |
| 7:53 | Create | Villager (Male) |
| 7:59 | Create | Spearman |
| 8:00 | Create | Spearman |
| 8:03 | Create | Archer |
| 8:04 | Create | Archer |
| 8:11 | Create | Villager (Male) |
| 8:14 | Create | Scout Cavalry |
| 8:16 | Create | Archer |
| 8:33 | Build | Mining Camp |
| 8:35 | Build | Watch Tower |
| 8:55 | Build | Farm |
| 9:00 | Research | Castle Age |
| 9:44 | Create | Scout Cavalry |
| 9:58 | Build | Watch Tower |
| 10:07 | Research | Bloodlines |
| 10:10 | Build | Stable |
| 10:16 | Create | Villager (Male) |
| 10:38 | Research | Scale Barding Armor |
| 10:58 | Build | Palisade Wall |
| 11:00 | Build | Palisade Wall |
| 11:34 | Build | House |
| 11:37 | Create | Scout Cavalry |
| 11:37 | Create | Scout Cavalry |
| 11:40 | Age | Castle Age |
| 11:46 | Create | Knight |
| 11:46 | Create | Knight |
| 11:54 | Build | Palisade Wall |
| 12:07 | Create | Villager (Male) |
| 12:09 | Create | Knight |
| 12:25 | Create | Villager (Male) |
| 12:34 | Create | Villager (Male) |
| 12:43 | Create | Knight |
| 12:43 | Create | Knight |
| 12:48 | Build | Mill |
| 12:49 | Build | Farm |
| 12:49 | Build | Farm |
| 12:49 | Build | Farm |
| 12:50 | Build | Farm |
| 12:50 | Build | Farm |
| 12:50 | Build | Farm |
| 12:50 | Build | Farm |
| 13:02 | Build | Monastery |
| 13:15 | Create | Villager (Male) |
| 13:29 | Create | Knight |
| 13:29 | Create | Knight |
| 13:39 | Create | Monk |
| 13:40 | Create | Monk |
| 13:47 | Create | Villager (Male) |
| 13:58 | Create | Villager (Male) |
| 14:11 | Build | Town Center |
| 14:14 | Create | Knight |
| 14:14 | Create | Knight |
| 14:45 | Create | Villager (Male) |
| 15:05 | Research | Forging |
| 15:12 | Build | Mill |
| 15:17 | Create | Villager (Male) |
| 15:25 | Build | Farm |
| 15:41 | Create | Villager (Male) |
| 16:17 | Create | Villager (Male) |
| 16:17 | Create | Villager (Male) |
| 16:29 | Build | Market |
| 16:38 | Create | Villager (Male) |
| 16:49 | Create | Villager (Male) |
| 16:53 | Create | Villager (Male) |
Build order — Bubbagump
First 150 of 357 actions detected
| 0:00 | Create | Villager (Male) |
| 0:00 | Create | Villager (Male) |
| 0:01 | Create | Villager (Male) |
| 0:06 | Build | Stable |
| 0:15 | Build | Stable |
| 0:37 | Research | Double-Bit Axe |
| 0:56 | Create | Scout Cavalry |
| 1:12 | Create | Villager (Male) |
| 1:29 | Create | Scout Cavalry |
| 1:43 | Create | Villager (Male) |
| 1:46 | Build | Market |
| 1:52 | Build | Market |
| 2:09 | Create | Villager (Male) |
| 2:11 | Build | Farm |
| 2:15 | Research | Horse Collar |
| 2:30 | Create | Scout Cavalry |
| 2:31 | Create | Villager (Male) |
| 2:42 | Create | Villager (Male) |
| 2:54 | Create | Scout Cavalry |
| 2:55 | Create | Villager (Male) |
| 3:03 | Build | House |
| 3:10 | Build | Archery Range |
| 3:24 | Create | Villager (Male) |
| 3:28 | Build | House |
| 3:46 | Create | Scout Cavalry |
| 3:53 | Create | Skirmisher |
| 3:55 | Research | Fletching |
| 4:16 | Build | House |
| 4:20 | Create | Skirmisher |
| 4:25 | Create | Skirmisher |
| 4:25 | Create | Villager (Male) |
| 4:26 | Create | Scout Cavalry |
| 4:29 | Build | Farm |
| 4:31 | Build | Farm |
| 4:34 | Build | Farm |
| 4:56 | Create | Villager (Male) |
| 4:57 | Create | Skirmisher |
| 5:25 | Create | Skirmisher |
| 5:35 | Research | Castle Age |
| 5:43 | Create | Skirmisher |
| 5:50 | Build | House |
| 5:50 | Build | House |
| 6:02 | Create | Skirmisher |
| 6:12 | Research | Padded Archer Armor |
| 6:13 | Research | Gold Mining |
| 6:30 | Create | Skirmisher |
| 6:39 | Build | Farm |
| 6:47 | Create | Villager (Male) |
| 6:54 | Build | House |
| 6:56 | Build | House |
| 7:04 | Create | Skirmisher |
| 7:19 | Create | Villager (Male) |
| 7:19 | Create | Skirmisher |
| 7:29 | Create | Skirmisher |
| 7:35 | Create | Skirmisher |
| 8:01 | Create | Villager (Male) |
| 8:02 | Create | Skirmisher |
| 8:11 | Create | Villager (Male) |
| 8:12 | Create | Skirmisher |
| 8:15 | Age | Castle Age |
| 8:19 | Create | Knight |
| 8:22 | Research | Bodkin Arrow |
| 8:30 | Build | Mining Camp |
| 8:31 | Create | Villager (Male) |
| 8:58 | Research | Elite Skirmisher (upgrade) |
| 9:29 | Create | Villager (Male) |
| 9:37 | Create | Villager (Male) |
| 9:51 | Create | Villager (Male) |
| 9:52 | Create | Skirmisher |
| 10:19 | Build | Town Center |
| 10:40 | Create | Villager (Male) |
| 10:43 | Create | Skirmisher |
| 10:59 | Create | Villager (Male) |
| 10:59 | Create | Skirmisher |
| 11:09 | Create | Villager (Male) |
| 11:10 | Create | Skirmisher |
| 11:15 | Create | Knight |
| 11:29 | Research | Wheelbarrow |
| 11:34 | Create | Villager (Male) |
| 12:03 | Create | Villager (Male) |
| 12:10 | Build | Town Center |
| 12:13 | Create | Villager (Male) |
| 12:41 | Create | Knight |
| 12:47 | Build | Stable |
| 12:54 | Build | Farm |
| 13:08 | Research | Heavy Plow |
| 13:08 | Create | Villager (Male) |
| 13:09 | Create | Villager (Male) |
| 13:26 | Create | Villager (Male) |
| 13:39 | Research | Scale Barding Armor |
| 13:49 | Create | Villager (Male) |
| 13:56 | Build | Market |
| 14:00 | Build | Monastery |
| 14:03 | Build | Monastery |
| 14:10 | Create | Knight |
| 14:11 | Create | Knight |
| 14:11 | Create | Villager (Male) |
| 14:21 | Create | Villager (Male) |
| 14:29 | Create | Villager (Male) |
| 14:40 | Create | Monk |
| 14:42 | Create | Villager (Male) |
| 14:47 | Create | Villager (Male) |
| 14:54 | Build | Palisade Wall |
| 15:03 | Create | Villager (Male) |
| 15:16 | Create | Villager (Male) |
| 15:20 | Create | Villager (Male) |
| 15:28 | Build | Mill |
| 15:28 | Build | Farm |
| 15:28 | Build | Farm |
| 15:29 | Build | Farm |
| 15:29 | Build | Farm |
| 15:29 | Build | Farm |
| 15:33 | Create | Monk |
| 15:40 | Create | Villager (Male) |
| 15:45 | Create | Villager (Male) |
| 15:46 | Create | Knight |
| 16:06 | Create | Monk |
| 16:10 | Create | Villager (Male) |
| 16:14 | Create | Villager (Male) |
| 16:25 | Build | Stable |
| 16:30 | Build | Farm |
| 16:30 | Build | Farm |
| 16:30 | Build | Farm |
| 16:30 | Build | Farm |
| 16:49 | Create | Villager (Male) |
| 17:07 | Create | Villager (Male) |
| 17:07 | Create | Knight |
| 17:11 | Create | Monk |
| 17:12 | Create | Knight |
| 17:25 | Build | Castle |
| 17:26 | Create | Villager (Male) |
| 17:29 | Create | Villager (Male) |
| 17:38 | Create | Villager (Male) |
| 17:54 | Build | Farm |
| 17:56 | Build | Farm |
| 18:01 | Create | Villager (Male) |
| 18:01 | Create | Villager (Male) |
| 18:07 | Build | Mill |
| 18:12 | Create | Villager (Male) |
| 18:24 | Build | Farm |
| 18:25 | Create | Villager (Male) |
| 18:32 | Create | Villager (Male) |
| 18:34 | Research | Bloodlines |
| 18:34 | Research | Bloodlines |
| 18:35 | Research | Husbandry |
| 18:39 | Create | Villager (Male) |
| 18:47 | Build | Mill |
| 18:48 | Build | Farm |
| 18:48 | Build | Farm |
| 18:48 | Build | Farm |
Match timeline
| 0:06 | [LW] Faneth · first_building Archery Range |
| 0:06 | Bubbagump · first_building Stable |
| 1:12 | [LW] Faneth · wall_segment Palisade Wall x1 |
| 3:10 | Bubbagump · first_building Archery Range |
| 3:17 | [LW] Faneth · wall_segment Palisade Wall x1 |
| 3:18 | [LW] Faneth · wall_segment Palisade Wall x1 |
| 4:43 | Bubbagump · first_market_sell 100 stone |
| 4:43 | Bubbagump · first_market_buy 100 food |
| 5:32 | [LW] Faneth · first_building Stable |
| 5:59 | [LW] Faneth · wall_segment Palisade Wall x1 |
| 6:08 | [LW] Faneth · wall_segment Palisade Wall x1 |
| 8:15 | Bubbagump · age_up castle |
| 10:58 | [LW] Faneth · wall_segment Palisade Wall x1 |
| 11:00 | [LW] Faneth · wall_segment Palisade Wall x1 |
| 11:40 | [LW] Faneth · age_up castle |
| 11:54 | [LW] Faneth · wall_segment Palisade Wall x1 |
| 13:02 | [LW] Faneth · first_building Monastery |
| 14:00 | Bubbagump · first_building Monastery |
| 14:54 | Bubbagump · wall_segment Palisade Wall x4 |
| 17:17 | [LW] Faneth · first_market_buy 100 food |
| 17:25 | Bubbagump · first_building Castle |
| 18:29 | [LW] Faneth · first_building Castle |
| 20:42 | [LW] Faneth · first_market_sell 100 food |
| 28:07 | [LW] Faneth · age_up imperial |
| 30:45 | Bubbagump · resign |
[ AI ANALYSIS · 1 CREDIT ]
What really happened in this match?
Wolo.gg analyzes every decision: build order, eco, micro, common mistakes by bracket. Personalized analysis on WhatsApp or Discord in 30 seconds.
Civ guide
Teutons
Perfil
Faneth